 Dungeon Crawl Stone Soup version 0.31-a0-949-g57150269e1 (webtiles) character file.

Game seed: 7089810508478091696

43 demibob the Cutter (level 3, 0/22 HPs)
             Began as a Deep Elf Chaos Knight on Oct 23, 2023.
             Was a Plaything of Xom.
             Slain by a quokka (1 damage)
             ... on level 2 of the Dungeon.
             The game lasted 00:02:20 (1177 turns).

demibob the Cutter (Deep Elf Chaos Knight)          Turns: 1177, Time: 00:02:22

Health: 0/22       AC:  6    Str:  9    XL:     3   Next: 37%
Magic:  9/9        EV: 12    Int: 18    God:    Xom [.....*]
Gold:   66         SH:  0    Dex: 14    Spells: 7/7 levels left

rFire   . . .        a - +1 short sword (chaos)
rCold   . . .        (no shield)
rNeg    . . .        b - +2 leather armour
rPois   .            j - +0 helmet
rElec   .            (no cloak)
rCorr   .            (no gloves)
SInv    .            (no boots)
Will    .....        (no amulet)
Stlth   +            (no ring)
HPRegen 0.23/turn    (no ring)
MPRegen 0.11/turn

%: no passive effects
@: no status effects
A: no striking features
a: Renounce Religion


You were on level 2 of the Dungeon.
You worshipped Xom.
You were Xom's teddy bear.
You visited 1 branch of the dungeon, and saw 2 of its levels.

You collected 66 gold pieces.


   Skills:
 - Level 2.4 Fighting
 + Level 3.8 Short Blades
 - Level 0.7 Armour
 - Level 2.4 Dodging
 + Level 2.8 Spellcasting


You had 7 spell levels left.
You didn't know any spells.
Your spell library contained the following spells:

 Spells                   Type           Power      Damage    Failure   Level
 Tukima's Dance           Hex            2%         N/A       56%         3
 Dimensional Bullseye     Hex/Tloc       1%         N/A       92%         4
 Iskenderun's Mystic Bla  Conj/Tloc      2%         2d3       92%         4

Inventory:

Hand Weapons
 a - a +1 short sword of chaos (weapon)
 e - a +2 vampiric dagger
Armour
 b - a +2 leather armour (worn)
 j - a +0 helmet (worn)
Wands
 d - a wand of iceblast (6)
Scrolls
 c - a scroll of butterflies
 i - 3 scrolls of amnesia
Potions
 f - 2 potions of curing {unknown}
 k - a potion of invisibility {unknown}

Dungeon Overview and Level Annotations

Branches:
Dungeon (2/15)

Altars:

Annotations:
D:2 Terence

.. .## . ..#####..
.############§.§.....
..#.........#§§....#
#.#.#######.#§§..#
#.#.# #####.#§§..##
#.#.# #.....r@....#
#.#.# #.###.@.....#
.##.#.# #.......#
##.##...# #.......#
... ##.## #.>.......
.#####.# #.......###
....##.######
#.......#
....##......#
#.......# #
.#..#######.#
#.......# .#
....#.....#.#
#######.#


You could see Terence (resistant) and a quokka.


Message History

Terence is almost dead.
Terence misses you.
You hit Terence but do no damage.
Terence is almost dead.
Terence hits you with a +1 mace of protection!
You emit a cloud of colourful smoke!
The quokka barely misses you. Terence attacks as he pursues you!
Terence hits you with a +1 mace of protection!
* * * LOW HITPOINT WARNING * * *
The quokka closely misses you. Terence attacks as he pursues you!
Terence barely misses you.
You hit Terence but do no damage.
Terence is almost dead.
The quokka bites you but does no damage.
Terence hits you with a +1 mace of protection.
* * * LOW HITPOINT WARNING * * *
You barely miss Terence.
Terence is almost dead.
The quokka barely misses you.
You closely miss Terence.
Terence is almost dead.
Terence hits you with a +1 mace of protection!
* * * LOW HITPOINT WARNING * * *
The quokka bites you but does no damage.
You hit Terence but do no damage.
Terence is almost dead.
The quokka bites you.
You die...
Xom yawns loudly!

Skill      XL: |  1  2 |
---------------+-------+-----
Spellcasting   | 1 2 |  2.8
Fighting       | |  2.4
Short Blades   | |  3.8
Armour         | |  0.7
Dodging        | |  2.4

Action                     || total
---------------------------++-------
  Melee: Short sword       ||   139
         Punch             ||     1
  Evoke: Wand              ||     3
    Use: Scroll            ||     4
 Armour: Leather armour    ||    63
  Dodge: Dodged            ||    66

Levels and vault maps discovered:
D:1:      onia_arrival_pentagram, layout_rooms
D:2:      layout_basic, serial_co_window_serial, co_window_of_opportunity_a,
          co_window_corner_a, co_window_cross_1, co_window_paths_a,
          co_window_paths_a, co_window_2corner, co_window_unsneaky_path_c,
          co_window_2corner, co_window_paths_c, co_window_2corner,
          co_window_unsneaky_path_d, co_window_corner_b, glass_columns_a,
          glass_columns_c, glass_columns_a, glass_columns_a, glass_columns_b,
          minivault_25, kennysheep_jessica_study, uniq_jessica, uniq_terence

Notes
Turn   | Place    | Note
-------+----------+-------------------------------------------
     0 | D:1      | demibob the Deep Elf Chaos Knight began the quest for the
                  | Orb.
     0 | D:1      | Reached XP level 1. HP: 13/13 MP: 3/3
    29 | D:1      | XOM: silly message
    33 | D:1      | Reached skill level 1 in Spellcasting
   155 | D:1      | Reached XP level 2. HP: 18/18 MP: 4/6
   286 | D:1      | XOM: silly message
   292 | D:1      | Reached skill level 2 in Spellcasting
   322 | D:1      | XOM: silly message
   602 | D:2      | Reached XP level 3. HP: 10/22 MP: 8/8
   954 | D:2      | XOM: potion effect (haste)
  1159 | D:2      | Noticed Terence
  1170 | D:2      | XOM: smoke on damage
  1176 | D:2      | HP: 1/22 [Terence/+1 mace of protection (7)]
  1177 | D:2      | Slain by a quokka

Vanquished Creatures
  2 worms (D:2)
  An endoplasm (D:1)
  4 giant cockroaches
  8 hobgoblins
  A quokka (D:1)
  3 ball pythons (D:1)
  2 bats
  5 frilled lizards
  3 goblins
  3 kobolds (D:1)
  4 rats
36 creatures vanquished.

Table legend: (Time is in decaauts)
 A = Elapsed time spent in this place.
 B = Non-inter-level travel time spent in this place.
 C = Inter-level travel time spent in this place.
 D = Time resting spent in this place.
 E = Time spent auto-exploring this place.
 F = Levels seen in this place.
 G = Mean time per level.
                   A        B        C        D        E       F      G
               +--------+--------+--------+--------+--------+-----+--------+
         Total |   1131 |   1111 |     20 |      3 |    857 |   2 |  565.5 |
       Dungeon |   1131 |   1111 |     20 |      3 |    857 |   2 |  565.5 |
               +--------+--------+--------+--------+--------+-----+--------+

Top non-repeatable levels by time:
     D:2: 586 daAuts
     D:1: 545 daAuts

Table legend:
 A = Non-vault XP
 B = Vault XP
 C = Vault XP percentage of total XP
 D = Non-vault monster count
 E = Vault monster count
 F = Vault count percentage of total count
                 A         B        C        D         E       F
            +---------+---------+-------+---------+---------+-------
      Total |      62 |       0 |   0.0 |      36 |       0 |   0.0
            +---------+---------+-------+---------+---------+-------
        D:1 |      38 |       0 |   0.0 |      25 |       0 |   0.0
        D:2 |      24 |       0 |   0.0 |      11 |       0 |   0.0
            +---------+---------+-------+---------+---------+-------
